 Dungeon Crawl Stone Soup version 0.23.2-1-ga50397a6bc (webtiles) character file.

Game seed: 947443998051809645

15664 Morbidden the Grappler (level 12, -12/113 HPs)
             Began as a Troll Transmuter on May 12, 2019.
             Was a High Priest of Cheibriados.
             Mangled by a sun demon (28 damage)
             ... summoned by a deep elf mage
             ... on level 11 of the Dungeon.
             The game lasted 00:35:21 (9309 turns).

Morbidden the Grappler (Troll Transmuter)           Turns: 9309, Time: 00:35:22

Health: -12/113    AC:  2    Str: 34    XL:     12   Next: 3%
Magic:  13/18      EV: 26    Int: 26    God:    Cheibriados [*****.]
Gold:   743        SH:  0    Dex: 28    Spells: 9/20 levels left

rFire    . . .     SeeInvis .     - Unarmed
rCold    + . .     Gourm    +   (shield currently unavailable)
rNeg     . . .     Faith    .   (armour currently unavailable)
rPois    x         Spirit   .   (helmet currently unavailable)
rElec    .         Reflect  .   (cloak currently unavailable)
rCorr    .         Harm     .   (gloves unavailable)
MR       .....                  (boots unavailable)
Stlth    ++++......             (no amulet)
HPRegen  0.68/turn              k - ring of stealth
MPRegen  0.16/turn              j - ring of protection from cold

@: about to teleport, spider-form, drained, very slow
A: tiny, unfitting armour, fast metabolism 3, gourmand, regeneration 1
a: End Transformation, Bend Time, Temporal Distortion, Slouch, Step From Time,
Renounce Religion


You were on level 11 of the Dungeon.
You worshipped Cheibriados.
Cheibriados was extremely pleased with you.
You were completely stuffed.
You were a venomous arachnid creature.
You visited 2 branches of the dungeon, and saw 12 of its levels.
You also visited: Sewer and Ice Cave.

You collected 781 gold pieces.
You spent 38 gold pieces at shops.

Inventory:

Missiles
 a - 254 arrows
 t - 5 large rocks (quivered)
 F - a throwing net
Armour
 e - a +2 robe of magic resistance
 n - a +2 cloak (melded)
 Q - a +0 troll leather armour (melded)
 R - the +7 plate armour "Irchujory" {rElec, unknown}
   (You found it in an ice cave)

   It insulates you from electricity.
Jewellery
 b - an uncursed ring of magical power
 j - a ring of protection from cold (right front leg)
 k - a ring of stealth (left front leg)
 D - an uncursed ring of stealth
 E - an uncursed ring of protection from fire
 S - a +5 ring of evasion
 T - an uncursed ring of protection from magic
Wands
 w - a wand of paralysis (5)
 G - a wand of iceblast (9)
 J - a wand of flame (21)
 K - a wand of scattershot (7)
 M - a wand of enslavement (6)
 N - a wand of digging (2)
 P - a wand of polymorph (5)
Scrolls
 c - 3 scrolls of identify
 f - a scroll of fog {unknown}
 g - 2 scrolls of magic mapping
 h - 7 scrolls of remove curse
 m - 4 scrolls of enchant armour {unknown}
 q - 4 scrolls of teleportation
 s - a scroll of blinking {unknown}
 u - 2 scrolls of enchant weapon {unknown}
 y - a scroll of random uselessness {unknown}
 L - a scroll of noise {unknown}
 O - a scroll of amnesia {unknown}
Potions
 i - a potion of resistance {unknown}
 o - 2 potions of cancellation
 p - a potion of berserk rage {unknown}
 v - a potion of invisibility
 x - 3 potions of degeneration
 z - a potion of agility {unknown}
 A - a potion of magic
 B - a potion of lignification
 C - a potion of brilliance
 H - a potion of ambrosia
 I - a potion of flight
Comestibles
 d - 20 rations
 l - 2 chunks of flesh


   Skills:
 * Level 5.9(5.3) Fighting
 + Level 2.1(1.6) Armour
 + Level 5.6(5.0) Dodging
 + Level 3.3(2.8) Stealth
 + Level 10.9(10.2) Unarmed Combat
 * Level 4.8(4.2) Spellcasting
 * Level 6.0(5.4) Transmutations
 * Level 2.0(1.5) Ice Magic
 - Level 1.0(0.4) Poison Magic
 * Level 3.9(3.3) Invocations
 + Level 0.7(0.2) Evocations


You had 9 spell levels left.
You knew the following spells:

 Your Spells              Type           Power        Failure   Level  Hunger
a - Beastly Appendage     Tmut           ####..       4%          1    None
b - Sticks to Snakes      Tmut           ####....     6%          2    None
c - Spider Form           Tmut/Pois      ###.......   21%         3    ##.....
d - Freeze                Ice            ##..         13%         1    None
e - Ice Form              Ice/Tmut       ###.....     41%         4    ####...

Your spell library contained the following spells:

 Spells                   Type           Power        Failure   Level  Hunger
 Throw Frost              Conj/Ice       #.....       24%         2    None
 Ozocubu's Armour         Chrm/Ice       #.......     38%         3    ##.....
 Blade Hands              Tmut           ####......   45%         5    #####..
 Recall                   Summ/Tloc      N/A          47%         3    ##.....
 Summon Ice Beast         Ice/Summ       #.......     73%         4    ####...
 Throw Icicle             Conj/Ice       #.......     73%         4    ####...
 Aura of Abjuration       Summ           #.........   98%         5    #####..
 Summon Demon             Summ           #.........   98%         5    #####..
 Summon Forest            Summ/Tloc      #.........   98%         5    #####..
 Summon Mana Viper        Hex/Summ       #.......     98%         5    #####..
 Shadow Creatures         Summ           N/A          100%        6    #######


Dungeon Overview and Level Annotations

Branches:
Dungeon (11/15)            Temple (1/1) D:4            Lair (0/6) D:11
    Orc (0/2) D:10

Altars:
Cheibriados
Dithmenos
Fedhas
Hepliaklqana
Kikubaaqudgha
Makhleb
Nemelex Xobeh
Ru
Sif Muna
Uskayaw
Vehumet
Wu Jian
Xom
Yredelemnul
Zin

Shops:
D:4 (*

Annotations:
D:5 1 runed translucent door, Crazy Yiuf
D:10 1 runed translucent door, Toogi's ghost, novice FeEE
D:11 1 runed translucent door, Erica; krabocopter's ghost, journeyman VSAs


Innate Abilities, Weirdness & Mutations

You are too large for most types of armour.
((You have claws for hands.))
Your metabolism is lightning-fast.
You like to eat raw meat.
Your natural rate of healing is unusually fast.
((You are covered in fur. (AC +1)))
((You have extremely tough skin. (AC +3)))


Message History

The sun demon hits you!!
You are engulfed in flames!
* * * LOW HITPOINT WARNING * * *
The deep elf mage points at you and mumbles some strange words.
The bolt of negative energy hits the sun demon.
The sun demon completely resists.
The bolt of negative energy hits you!!
You feel drained.
* * * LOW HITPOINT WARNING * * *
Unknown command.
Unknown command.
Unknown command.
Unknown command.
Unknown command.
The sun demon misses you. The sun demon barely misses you.
Unknown command.
You feel better. The sun demon completely misses you.
Unknown command.
Unknown command.
As you read the scroll of teleportation, it crumbles to dust.
You feel strangely unstable. The sun demon hits you!!
You die...

##..# #.###..............#
##)####...##...#.#.....##**
##.#.......##..##.....#**,
##)...#.......#*.......,,
#....#.......#*.......,,
#.#.#.......#,,,.....,,,
#.).#.......#,,,,,,,,,,*
#..#.......#..,.,,,,,,,,
##.#...s>..#....,,,,,,,,
***..#..##3.......,,**,,,,
***,....#...##...#..,****,,,
*,,,..........###...,* *,,,
***........e.....,..,****,,,
*#................,,,,,,,,
*#..........e...,,,,,,,,,
##...........3.,,,,,,,,,
*#.........###.,,,,,,,,,


You could see a sun demon.

Vanquished Creatures
  Erolcha (D:11)
  Pikel (D:8)
  A necromancer (IceCv)
  A manticore (D:11)
  8 deep elf magi (D:11)
  3 ice statues (IceCv)
  Psyche (D:8)
  2 rime drakes (D:11)
  9 ice devils (IceCv)
  A merfolk (D:9)
  3 trolls
  Prince Ribbit (D:5)
  A water elemental (D:11)
  Sigmund (D:5)
  A wraith (D:11)
  7 yaks
  2 wyverns (D:10)
  An orc warrior (D:7)
  A black bear (D:7)
  3 sky beasts (D:5)
  An eye of draining (D:8)
  An ice beast (D:7)
  2 phantoms
  A hornet zombie (D:8)
  A slave (D:8)
  3 ogres
  2 necrophages
  3 centaurs
  A crocodile (D:11)
  3 big kobolds
  2 bullfrogs
  2 scorpions (D:8)
  A water moccasin skeleton (D:8)
  4 killer bees
  3 howler monkeys
  6 crimson imps
  2 draconian simulacra (IceCv)
  5 hounds
  2 bullfrog skeletons
  2 centaur skeletons
  5 orc priests
  11 orc wizards
  4 worker ants
  A spriggan simulacrum (IceCv)
  2 troll simulacra (IceCv)
  A centaur simulacrum (IceCv)
  2 hound skeletons
  A worker ant zombie (D:5)
  3 gnolls (D:3)
  A naga simulacrum (IceCv)
  3 ogre simulacra (IceCv)
  20 adders
  A shadow imp (D:6)
  A white imp (D:11)
  A worker ant simulacrum (D:11)
  An ufetubus (D:11)
  5 oozes
  An adder skeleton (D:5)
  2 adder zombies
  3 dart slugs
  5 worms
  7 leopard geckos
  24 orcs
  14 giant cockroaches
  10 goblins
  8 hobgoblins
  21 jackals
  3 quokkas
  4 ball pythons
  4 bats
  5 frilled lizards
  24 kobolds
  A leopard gecko skeleton (D:8)
  8 rats
  2 plants (Sewer)
305 creatures vanquished.

Vanquished Creatures (others)
  A jackal zombie (D:8)
1 creature vanquished.

Grand Total: 306 creatures vanquished

Notes
Turn   | Place    | Note
-------+----------+-------------------------------------------
     0 | D:1      | Morbidden the Troll Transmuter began the quest for the Orb.
     0 | D:1      | Reached XP level 1. HP: 18/18 MP: 1/1
   172 | D:1      | Reached XP level 2. HP: 26/26 MP: 3/3
   805 | D:2      | Found a radiant altar of Vehumet.
   825 | D:2      | Reached XP level 3. HP: 32/32 MP: 4/4
  1238 | D:2      | Found a shadowy altar of Dithmenos.
  1324 | D:2      | Reached XP level 4. HP: 40/40 MP: 5/5
  1516 | D:3      | Found a shimmering altar of Xom.
  1626 | D:3      | Found a glowing drain.
  1660 | Sewer    | Entered a sewer
  1840 | Sewer    | Reached skill level 1 in Fighting
  1840 | Sewer    | Reached skill level 4 in Unarmed Combat
  1971 | Sewer    | Reached XP level 5. HP: 48/48 MP: 6/6
  2952 | D:4      | Found Saeth's Weapon Shoppe.
  2962 | D:4      | Bought 5 large rocks for 38 gold pieces
  3004 | D:4      | Found Onlauc's General Store.
  3016 | D:4      | Reached XP level 6. HP: 49/55 MP: 7/7
  3121 | D:4      | Found a sparkling altar of Nemelex Xobeh.
  3144 | D:4      | Reached skill level 5 in Unarmed Combat
  3410 | D:4      | Found a staircase to the Ecumenical Temple.
  3523 | Temple   | Entered the Ecumenical Temple
  3546 | Temple   | Became a worshipper of Cheibriados the Contemplative
  3668 | D:5      | Entered Level 5 of the Dungeon
  3715 | D:5      | Noticed a sky beast
  3736 | D:5      | Killed a sky beast
  3736 | D:5      | Reached XP level 7. HP: 49/63 MP: 7/9
  3755 | D:5      | Learned a level 2 spell: Sticks to Snakes
  3800 | D:5      | Noticed Sigmund
  3816 | D:5      | HP: 3/63 [something (6)]
  3831 | D:5      | Killed Sigmund
  3831 | D:5      | Reached skill level 6 in Unarmed Combat
  3973 | D:5      | Found a sacrificial altar of Ru.
  4079 | D:5      | Reached * piety under Cheibriados
  4079 | D:5      | Reached XP level 8. HP: 55/72 MP: 10/10
  4097 | D:5      | Found a blossoming altar of Fedhas.
  4166 | D:5      | Found an ancient bone altar of Kikubaaqudgha.
  4226 | D:5      | Found a runed translucent door.
  4226 | D:5      | Noticed Prince Ribbit
  4230 | D:5      | Noticed Crazy Yiuf
  4246 | D:5      | Killed Prince Ribbit
  4246 | D:5      | Reached skill level 1 in Stealth
  4246 | D:5      | Reached skill level 7 in Unarmed Combat
  4595 | D:6      | You fall through a shaft for 2 floors!
  4604 | D:8      | Reached XP level 9. HP: 83/83 MP: 12/12
  4710 | D:7      | Reached ** piety under Cheibriados
  4911 | D:7      | Reached skill level 8 in Unarmed Combat
  4913 | D:7      | Found a hazy altar of Hepliaklqana.
  5438 | D:8      | Noticed Pikel
  5457 | D:8      | Killed Pikel
  6048 | D:8      | Reached *** piety under Cheibriados
  6178 | D:8      | Learned a level 3 spell: Spider Form
  6309 | D:8      | Noticed Psyche
  6316 | D:8      | Killed Psyche
  6316 | D:8      | Reached XP level 10. HP: 91/93 MP: 14/14
  6755 | D:9      | Reached skill level 9 in Unarmed Combat
  6817 | D:9      | Reached skill level 1 in Poison Magic
  6939 | D:10     | Entered Level 10 of the Dungeon
  6959 | D:10     | Found a staircase to the Orcish Mines.
  7147 | D:10     | Reached **** piety under Cheibriados
  7359 | D:10     | Reached skill level 1 in Invocations
  7364 | D:10     | Reached skill level 5 in Transmutations
  7577 | D:10     | Found a runed translucent door.
  7578 | D:10     | Found a shimmering altar of Xom.
  7578 | D:10     | Noticed Toogi's ghost (novice FeEE)
  7579 | D:10     | Noticed a +1 morningstar of chaos
  7655 | D:10     | Reached skill level 1 in Armour
  7897 | D:10     | Learned a level 1 spell: Freeze
  7983 | D:11     | Found a frozen archway.
  7998 | D:11     | Reached skill level 5 in Fighting
  8050 | IceCv    | Entered an ice cave
  8139 | IceCv    | Reached XP level 11. HP: 90/102 MP: 11/16
  8183 | IceCv    | Reached skill level 1 in Ice Magic
  8425 | IceCv    | Reached skill level 10 in Unarmed Combat
  8435 | IceCv    | Reached skill level 5 in Dodging
  8511 | IceCv    | Reached ***** piety under Cheibriados
  8776 | IceCv    | Noticed a necromancer
  8786 | IceCv    | Killed a necromancer
  8800 | IceCv    | Got a slimy plate armour
  8929 | D:11     | Found a runed translucent door.
  8930 | D:11     | Found a shimmering altar of Xom.
  8930 | D:11     | Noticed krabocopter's ghost (journeyman VSAs)
  8931 | D:11     | Found the +10 Black Knight's horse barding {ponderous,
                  | rPois rN+}
  8931 | D:11     | Noticed a +2 mace of chaos
  8931 | D:11     | Noticed Erolcha
  8939 | D:11     | Killed Erolcha
  9082 | D:11     | Noticed a five-headed hydra
  9084 | D:11     | Noticed Erica
  9164 | D:11     | Noticed a deep elf mage
  9173 | D:11     | Noticed a deep elf mage
  9173 | D:11     | Noticed a deep elf mage
  9191 | D:11     | Noticed a deep elf mage
  9191 | D:11     | Noticed a deep elf mage
  9196 | D:11     | Noticed a deep elf mage
  9202 | D:11     | Noticed a deep elf mage
  9209 | D:11     | Killed a deep elf mage
  9210 | D:11     | Killed a deep elf mage
  9211 | D:11     | Killed a deep elf mage
  9212 | D:11     | Noticed a green ugly thing
  9215 | D:11     | Killed a deep elf mage
  9222 | D:11     | Killed a deep elf mage
  9222 | D:11     | Noticed a deep elf mage
  9236 | D:11     | Killed a deep elf mage
  9238 | D:11     | Killed a deep elf mage
  9245 | D:11     | Killed a deep elf mage
  9245 | D:11     | Reached XP level 12. HP: 84/113 MP: 18/18
  9270 | D:11     | Learned a level 4 spell: Ice Form
  9306 | D:11     | HP: 3/113 [deep elf mage/bolt of negative energy (25)]
  9309 | D:11     | Mangled by a sun demon

Skill      XL: |  1  2  3  4  5  6  7  8  9 10 11 |
---------------+----------------------------------+-----
Transmutations | 2 3 4 5 6 |  6.0
Dodging        | 2 3 4 5 |  5.6
Fighting       | 1 2 3 4 5 |  5.9
Unarmed Combat | 4 5 6 7 8 9 10 | 10.9
Spellcasting   | 2 3 4 |  4.8
Stealth        | 1 2 3 |  3.3
Poison Magic   | 1 |  1.0
Invocations    | 2 3 |  3.9
Armour         | 1 2 |  2.1
Ice Magic      | 2 |  2.0
Evocations     | |  0.7

Action                   |  1- 3 |  4- 6 |  7- 9 | 10-12 || total
-------------------------+-------+-------+-------+-------++-------
Melee: Unarmed           |   119 |   263 |   276 |   368 ||  1026
       Punch             |     2 |     6 |    12 |    11 ||    31
       Kick              |     1 |     2 |       |    10 ||    13
       Headbutt          |       |       |    11 |     4 ||    15
 Cast: Beastly Appendage |     1 |     1 |    10 |     4 ||    16
       Sticks to Snakes  |       |       |     7 |     1 ||     8
       Spider Form       |       |       |       |    18 ||    18
       Ice Form          |       |       |       |     1 ||     1
Evoke: Wand              |       |       |     3 |       ||     3
  Use: Scroll            |     1 |       |     5 |     8 ||    14
       Potion            |       |       |     8 |    11 ||    19
 Stab: Sleeping          |     3 |     4 |    16 |     6 ||    29
       Paralysed         |       |       |     4 |       ||     4
       Distracted        |       |       |     1 |     1 ||     2
       Invisible         |       |       |       |     5 ||     5
  Eat: Chunk             |     7 |    29 |    15 |    24 ||    75
       Ration            |     1 |       |       |       ||     1
Armor: Robe              |    39 |   107 |    96 |    13 ||   255
       Troll leather arm |       |       |       |    57 ||    57
       Skin              |       |       |       |    13 ||    13
Dodge: Dodged            |    52 |   142 |   147 |   334 ||   675
